 Dungeon Crawl Stone Soup version 0.29-a0-251-g80730f7218 (webtiles) character file.

Game seed: 1642496581361421964

20931 jfcaron the Warrior (level 12, -1/211 HPs)
             Began as an Ogre Brigand on Mar 4, 2022.
             Was an Initiate of Gozag.
             Succumbed to a cane toad's poison
             ... on level 1 of the Lair of Beasts on Mar 6, 2022.
             The game lasted 01:01:03 (19752 turns).

jfcaron the Warrior (Ogre Brigand)                 Turns: 19752, Time: 01:01:03

Health: -1/211     AC: 16    Str: 22    XL:     12   Next: 84%
Magic:  21/21      EV:  9    Int: 12    God:    Gozag
Gold:   1588       SH:  0    Dex: 10    Spells: 11/11 levels left

rFire   x . .      SeeInvis .   E - +1 giant spiked club (flame)
rCold   + . .      Faith    .   (shield currently unavailable)
rNeg    . . .      Spirit   .   k - quicksilver dragon scales
rPois   .          Reflect  .   (helmet restricted)
rElec   .          Harm     .   c - +0 cloak
rCorr   .          Rampage  .   (gloves unavailable)
Will    ++...                   (boots unavailable)
Stlth   ..........              q - amulet of magic regeneration
HPRegen 0.45/turn               B - ring of magical power
MPRegen 0.57/turn               p - ring of ice

@: berserking (expiring), lethally poisoned (-1 -> -27), gold aura, very quick
A: large, unfitting armour, tough skin 1
a: Renounce Religion, Potion Petition, Call Merchant, Bribe Branch


You were on level 1 of the Lair of Beasts.
You worshipped Gozag.
Gozag was most pleased with you.
You visited 3 branches of the dungeon, and saw 12 of its levels.
You also visited: Bailey.

You collected 3656 gold pieces.
You spent 91 gold pieces at shops.
You paid 1977 gold pieces to Gozag.

Inventory:

Hand Weapons
 b - a +0 broad axe
 j - a +1 vorpal flail
 u - a +2 hunting sling of flaming
 y - a +0 morningstar
 D - a +1 mace of holy wrath
 E - a +1 giant spiked club of flaming (weapon)
 H - a +4 short sword of freezing
 M - a +5 short sword
 R - a +3 dagger of venom
Missiles
 d - 7 poisoned darts
 e - 14 curare-tipped darts {!f}
 o - 234 stones
 s - 28 boomerangs (quivered)
 w - 5 atropa-tipped darts
 I - 5 silver javelins {!f}
 O - 5 javelins
Armour
 c - a +0 cloak (worn)
 k - quicksilver dragon scales (worn)
 m - the +1 steam dragon scales "Lesch" {rF+ Dex+4}
   (You found it in a bailey)

   Dex:       It affects your dexterity (+4).
   rF:        It protects you from fire.
 N - a +2 robe of willpower
Jewellery
 p - a ring of ice (right hand)
 q - an amulet of magic regeneration (around neck)
 B - a ring of magical power (left hand)
 U - a +6 ring of intelligence
Wands
 g - a wand of polymorph (8)
 r - a wand of iceblast (4)
 t - a wand of flame (7)
Scrolls
 i - 4 scrolls of amnesia
 A - 3 scrolls of teleportation
 C - a scroll of blinking
 G - a scroll of enchant armour
 K - a scroll of holy word
 L - a scroll of magic mapping
 Q - a scroll of fog
 S - 2 scrolls of summoning
 T - a scroll of identify
Potions
 f - 5 potions of mutation
 h - 5 potions of curing
 l - a potion of berserk rage
 n - 2 potions of haste
 v - a potion of attraction
 x - 3 potions of flight
 F - 3 potions of brilliance
 J - a potion of invisibility
 P - a potion of magic
Miscellaneous
 a - a lightning rod (2/4)


   Skills:
 - Level 15.0 Fighting
 - Level 2.0 Short Blades
 + Level 4.7 Maces & Flails
 - Level 12.0 Throwing
 - Level 11.0 Armour
 - Level 3.0 Dodging
 - Level 2.9 Stealth
 - Level 5.0 Evocations


You had 11 spell levels left.
You didn't know any spells.
Your spell library contained the following spells:

 Spells                   Type           Power      Damage    Failure   Level
 Animate Skeleton         Necr           0%         N/A       43%         1
 Magic Dart               Conj           0%         1d3       43%         1
 Pain                     Necr           0%         1d4       43%         1
 Searing Ray              Conj           0%         2d4       58%         2
 Conjure Flame            Conj/Fire      0%         6-21      82%         3
 Ignite Poison            Fire/Tmut/Pois 0%         N/A       82%         3
 Vampiric Draining        Necr           0%         2d6       82%         3
 Fulminant Prism          Conj/Hex       0%         3d6       99%         4
 Sticky Flame             Conj/Fire      0%         2d3       99%         4


Dungeon Overview and Level Annotations

Branches:
Dungeon (10/15)            Temple (1/1) D:5            Lair (1/6) D:10
    Orc (0/2) D:10         Bailey (visited)

Altars:
Ashenzari
Cheibriados
Dithmenos
Elyvilon
Fedhas
Gozag
Hepliaklqana
Kikubaaqudgha
Makhleb
Nemelex Xobeh
Okawaru
Qazlal
Ru
Sif Muna
Trog
Uskayaw
Vehumet
Wu Jian
Xom
Yredelemnul
Zin
The Shining One

Shops:
D:2 !   D:8 :

Annotations:
Lair:1 exclusion: hydra


Innate Abilities, Weirdness & Mutations

You are too large for most types of armour.
You have tough skin. (AC +1)


Message History

You barely miss the cane toad.
You feel very sick. The cane toad stings you.
* * * LOW HITPOINT WARNING * * *
You barely miss the cane toad.
You feel very sick. The cane toad stings you.
* * * LOW HITPOINT WARNING * * *
You closely miss the cane toad.
You feel very sick.
The cane toad stings you but does no damage.
The cane toad barely misses you.
You puncture the cane toad! You burn the cane toad.
The cane toad is moderately wounded.
You feel sick. The cane toad stings you.
* * * LOW HITPOINT WARNING * * *
You are more poisoned.
The cane toad poisons you!
You sock the cane toad! You burn the cane toad.
The cane toad is severely wounded.
You feel extremely sick. The cane toad stings you.
* * * LOW HITPOINT WARNING * * *
You are lethally poisoned!
The cane toad poisons you!
You hit the cane toad. You burn the cane toad.
The cane toad is almost dead.
* * * LOW HITPOINT WARNING * * *
You feel extremely sick.
The cane toad is distracted by your dazzling golden aura.
You are too berserk!
The cane toad croaks.
You sock the cane toad! You burn the cane toad.
You kill the cane toad!
* * * LOW HITPOINT WARNING * * *
You feel extremely sick. The bullfrog closely misses you.
You barely miss the bullfrog.
You die...
Your body crumbles into a pile of gold.

...........................#
..........................##
..>.......................#
..........................##
..........................P#
..$[............##.#.###..##
....####.+......#.....##..#
....#$ ##..#...F+.....##..#
...#......D.####@..#####..#
...#......###≈≈≈≈≈≈≈≈# ...##
...#############...### #..P#
...# #####.....### #..#
..... .........########..#
..... ...................#
..... ...................#
..... .......[...........##
..... ...................P#


You could see a bullfrog.

Vanquished Creatures
  A hydra (Lair:1)
  2 centaur warriors (D:9)
  A death knight (D:9)
  2 two-headed ogres (D:10)
  A shock serpent (shapeshifter) (D:9)
  Pikel (D:8)
  An orc knight (Bailey)
  An obsidian statue (D:10)
  An elephant (D:10)
  An ice statue (D:10)
  Joseph (D:9)
  2 cane toads (Lair:1)
  Maggie (D:7)
  2 hornets
  2 trolls
  Grinder (D:3)
  8 slime creatures
  6 blink frogs (Lair:1)
  A vampire (D:9)
  15 yaks
  2 wraiths (D:9)
  4 basilisks
  A steam dragon (D:8)
  2 wyverns
  6 water moccasins
  16 orc warriors
  3 wolves (Lair:1)
  3 centaurs
  6 ogres
  A lemure (D:8)
  2 kobold brigands
  8 bullfrogs
  3 gnoll sergeants (D:10)
  10 scorpions
  2 necrophages
  9 wights
  4 killer bees (D:8)
  3 howler monkeys (D:9)
  5 hounds
  3 jellies
  Crazy Yiuf (D:4)
  4 iguanas
  7 orc priests
  2 gnoll shamans
  6 orc wizards
  Terence (D:3)
  Robin (D:3)
  8 gnolls
  9 adders
  A white imp (D:6)
  An ufetubus (D:6)
  4 worms
  A dart slug (D:5)
  28 orcs
  11 ball pythons
  10 endoplasms
  3 giant cockroaches
  24 goblins
  15 hobgoblins
  A jackal (D:1)
  3 quokkas
  12 bats
  4 frilled lizards
  22 kobolds
  5 rats
  8 fungi
  8 plants (Lair:1)
  A withered plant (D:3)
345 creatures vanquished.

Notes
Turn   | Place    | Note
-------+----------+-------------------------------------------
     0 | D:1      | jfcaron the Ogre Brigand began the quest for the Orb.
     0 | D:1      | Reached XP level 1. HP: 22/22 MP: 1/1
    68 | D:1      | Reached skill level 1 in Dodging
   346 | D:1      | Reached XP level 2. HP: 29/29 MP: 2/2
   349 | D:1      | Reached skill level 3 in Fighting
   808 | D:1      | Reached XP level 3. HP: 37/37 MP: 3/3
  1344 | D:2      | Found Banuowuc's Distillery.
  1347 | D:2      | Bought a potion of degeneration for 13 gold pieces
  1350 | D:2      | Bought a potion of curing for 39 gold pieces
  1350 | D:2      | Bought a potion of attraction for 39 gold pieces
  1837 | D:2      | Reached XP level 4. HP: 45/48 MP: 4/4
  2159 | D:3      | Noticed Robin
  2162 | D:3      | Killed Robin
  2432 | D:3      | Reached skill level 1 in Armour
  2450 | D:3      | Reached skill level 4 in Fighting
  2495 | D:3      | Noticed Grinder
  2504 | D:3      | Killed Grinder
  2505 | D:3      | Reached skill level 1 in Evocations
  2505 | D:3      | Reached XP level 5. HP: 55/55 MP: 5/5
  2505 | D:3      | Reached XP level 6. HP: 63/63 MP: 6/6
  2540 | D:3      | Found a blossoming altar of Fedhas.
  2551 | D:3      | Found an ancient bone altar of Kikubaaqudgha.
  2650 | D:3      | Found a faded altar of an unknown god.
  2730 | D:3      | Noticed Terence
  2738 | D:3      | Killed Terence
  3117 | D:3      | Reached skill level 5 in Fighting
  3332 | D:4      | Reached XP level 7. HP: 51/72 MP: 7/7
  4314 | D:4      | Found a runed translucent door.
  4315 | D:4      | Noticed Crazy Yiuf
  4439 | D:5      | Entered Level 5 of the Dungeon
  4445 | D:5      | Identified 2 scrolls of acquirement
  4445 | D:5      | Acquired a manual of Armour
  4447 | D:5      | Acquired 275 gold pieces
  4865 | D:5      | Reached skill level 6 in Fighting
  4930 | D:5      | Reached XP level 8. HP: 56/83 MP: 8/8
  5369 | D:5      | Found a staircase to the Ecumenical Temple.
  5390 | Temple   | Entered the Ecumenical Temple
  5616 | Temple   | Upgraded the game from 0.29-a0-234-g0dae59b3db to
                  | 0.29-a0-251-g80730f7218
  5665 | Temple   | Became a worshipper of Gozag Ym Sagoz the Greedy
  6123 | D:5      | Reached skill level 5 in Throwing
  6373 | D:5      | Reached skill level 7 in Fighting
  6976 | D:5      | Reached skill level 5 in Armour
  7235 | D:6      | Reached XP level 9. HP: 95/96 MP: 9/9
  7255 | D:6      | Reached skill level 8 in Fighting
  8443 | D:6      | Found a stormy altar of Qazlal.
  8881 | D:6      | Reached skill level 5 in Evocations
  9016 | D:7      | Reached skill level 9 in Fighting
  9593 | D:7      | Found a bloodstained altar of Trog.
  9666 | D:7      | Noticed Maggie
  9671 | D:7      | Killed Maggie
  9672 | D:7      | Reached skill level 10 in Fighting
  9910 | D:8      | Found a shadowy altar of Dithmenos.
  9910 | D:8      | Noticed a hornet
  9914 | D:8      | Killed a hornet
  9915 | D:8      | Reached XP level 10. HP: 67/111 MP: 10/10
 10164 | D:8      | Noticed Pikel
 10172 | D:8      | Killed Pikel
 10173 | D:8      | Reached skill level 11 in Fighting
 10193 | D:8      | Found Uvijy's Book Shop.
 10530 | D:8      | Reached skill level 10 in Armour
 10571 | D:7      | Reached skill level 12 in Fighting
 11258 | D:8      | HP: 14/115 [slime creature (13)]
 12025 | D:4      | Killed Crazy Yiuf
 12159 | D:9      | Found a flagged portal.
 12195 | Bailey   | Entered a bailey
 12235 | Bailey   | Noticed an orc knight
 12297 | Bailey   | Killed an orc knight
 12298 | Bailey   | Reached skill level 13 in Fighting
 12379 | Bailey   | Reached XP level 11. HP: 119/127 MP: 11/11
 12398 | Bailey   | Identified the +1 steam dragon scales "Lesch" {rF+ Dex+4}
 13094 | D:9      | Reached skill level 14 in Fighting
 13191 | D:9      | Noticed a centaur warrior
 13191 | D:9      | Noticed a death knight
 13473 | D:9      | Killed a centaur warrior
 13611 | D:9      | Noticed a centaur warrior
 13626 | D:9      | Noticed Joseph
 13728 | D:9      | Killed Joseph
 13970 | D:9      | Killed a death knight
 13971 | D:9      | Reached skill level 15 in Fighting
 14335 | D:9      | Killed a centaur warrior
 15599 | D:9      | Noticed a shock serpent
 15602 | D:9      | HP: 16/132 [shock serpent (shapeshifter)/bolt of
                  | electricity (22)]
 15605 | D:9      | Killed a shock serpent
 16627 | D:10     | Entered Level 10 of the Dungeon
 17092 | D:10     | Found a white marble altar of Elyvilon.
 17142 | D:10     | Noticed a two-headed ogre
 17169 | D:10     | Killed a two-headed ogre
 17170 | D:10     | Reached XP level 12. HP: 137/141 MP: 12/12
 17200 | D:10     | Found a radiant altar of Vehumet.
 17201 | D:10     | Found an ornate altar of the Wu Jian Council.
 17203 | D:10     | Found a snail-covered altar of Cheibriados.
 17206 | D:10     | Identified the +2 robe of Mosoehae {Str-3 Dex+5 Stlth+}
 17248 | D:10     | Noticed a two-headed ogre
 17264 | D:10     | Killed a two-headed ogre
 17423 | D:10     | Found a staircase to the Orcish Mines.
 17426 | D:10     | Reached skill level 10 in Throwing
 17883 | D:10     | Found a staircase to the Lair.
 18237 | D:10     | Paralysed by a hornet for 2 turns
 18777 | D:10     | Noticed a sun demon
 18787 | Lair:1   | Entered Level 1 of the Lair of Beasts
 18966 | D:10     | Noticed a soul eater
 18972 | D:10     | HP: 20/132 [soul eater[an obsidian statue] (17)]
 19277 | Lair:1   | Noticed a five-headed hydra
 19302 | Lair:1   | Identified the +1 ring mail "Veihal Ynno" {Int+2}
 19366 | Lair:1   | Reached skill level 1 in Maces & Flails
 19702 | Lair:1   | Noticed a five-headed hydra
 19728 | Lair:1   | Killed a five-headed hydra
 19739 | Lair:1   | HP: 22/141 [cane toad (17)]
 19746 | Lair:1   | HP: 40/211 [cane toad (4)]
 19750 | Lair:1   | HP: 12/211 [poisoned by a cane toad]
 19751 | Lair:1   | HP: 5/211 [poisoned by a cane toad]
 19752 | Lair:1   | Succumbed to a cane toad's poison

Illustrated notes

Levels and vault maps discovered:
D:1:      psy_arrival_whirlpool, layout_basic, serial_aquarium,
          aquarium_bridge_island_small [aquarium_subvault_small_open,
          aquarium_subvault_bridge, aquarium_subvault_bridge,
          aquarium_subvault_bridge, aquarium_subvault_wall],
          aquarium_window_corner, aquarium_window_fake, aquarium_view_2c,
          aquarium_balcony_3b, minmay_three_crescents
D:2:      layout_basic, serial_glass, glass_columns_a, glass_columns_a,
          glass_columns_c, glass_columns_a, glass_columns_b, serial_shops,
          nicolae_shop_behind_doors, minmay_tetromino_t2
D:3:      layout_rooms, grunt_temple_overflow_growth_and_decay,
          hellmonk_ecumenical_altar_slurped_away, minmay_close_crescents,
          uniq_terence, uniq_grinder, uniq_robin
D:4:      layout_basic, uniq_crazy_yiuf_cottage
D:5:      old_forge, layout_loops_ring, minmay_temple_entry_drinking_statues,
          kennysheep_generic_room_6
D:6:      layout_basic, nicolae_qazlal_eye_of_the_storm
D:7:      layout_cave_pools, bloody_trog, uniq_maggie
D:8:      layout_basic, mainiacjoe_overflow_24_doors, serial_shops, shop,
          serial_bayou_pond_d, uniq_pikel
D:9:      minmay_chambers_of_sevens, layout_basic, enter_bailey_5,
          grunt_decor_junction, uniq_joseph
D:10:     lemuel_ice_statue, layout_small_grid,
          mainiacjoe_overflow_tiny_flanked, grunt_temple_overflow_open,
          david_lair_generic, kennysheep_orc_monster_closet_entryway,
          roderic_nine_men_s_morris, minmay_statue_bubble
Temple:   nicolae_temple_figure_eight
Lair:1:   minmay_lair_oklob_chamber, layout_regular_city, minivault_11,
          chequers_serial_rivers_micro_a, beast_lair_carwin_3

Skill      XL: |  1  2  3  4  5  6  7  8  9 10 11 12 |
---------------+-------------------------------------+-----
Dodging        | 1 2 3 |  3.0
Fighting       | 3 4 5 6 7 10 13 15 | 15.0
Short Blades   | 2 |  2.0
Armour         | 1 2 3 5 8 10 11 | 11.0
Throwing       | 3 4 5 9 12 | 12.0
Evocations     | 1 2 4 5 |  5.0
Maces & Flails | 4 |  4.7
Stealth        | |  2.9

Action                   |  1- 3 |  4- 6 |  7- 9 | 10-12 || total
-------------------------+-------+-------+-------+-------++-------
Melee: Dagger            |   126 |   150 |   300 |   221 ||   797
       Punch             |     1 |     2 |     6 |     7 ||    16
       Flail             |       |       |    56 |   214 ||   270
       Mace              |       |       |    20 |    33 ||    53
       Giant spiked club |       |       |       |    72 ||    72
Throw: Dart              |    15 |     6 |    34 |    20 ||    75
       Stone             |    13 |    71 |   167 |    54 ||   305
       Javelin           |     1 |       |     7 |    19 ||    27
       Boomerang         |       |     3 |    39 |   219 ||   261
Invok: Potion Petition   |       |       |       |     4 ||     4
Evoke: Wand              |       |     8 |    10 |    12 ||    30
       Lightning rod     |       |       |       |     6 ||     6
  Use: Scroll            |       |       |    17 |    12 ||    29
       Potion            |       |       |     1 |     3 ||     4
 Stab: Sleeping          |     2 |     1 |       |       ||     3
       Distracted        |       |       |       |     2 ||     2
Armor: Robe              |    24 |       |       |       ||    24
       Quicksilver drago |    37 |    58 |   204 |   437 ||   736
       Skin              |       |       |       |    65 ||    65
Dodge: Dodged            |    71 |    40 |   167 |   318 ||   596

Table legend: (Time is in decaauts)
 A = Elapsed time spent in this place.
 B = Non-inter-level travel time spent in this place.
 C = Inter-level travel time spent in this place.
 D = Time resting spent in this place.
 E = Time spent auto-exploring this place.
 F = Levels seen in this place.
 G = Mean time per level.
                   A        B        C        D        E       F      G
               +--------+--------+--------+--------+--------+-----+--------+
         Total |  19788 |  19029 |    759 |   5307 |   9673 |  13 | 1522.2 |
       Dungeon |  18129 |  17434 |    695 |   4915 |   9108 |  10 | 1812.9 |
        Temple |    290 |    226 |     64 |      0 |    223 |   1 |  290.0 |
          Lair |    763 |    763 |      0 |    363 |    131 |   1 |  763.0 |
        Bailey |    604 |    604 |      0 |     28 |    211 |   1 |  604.0 |
               +--------+--------+--------+--------+--------+-----+--------+

Top non-repeatable levels by time:
     D:9: 3919 daAuts
     D:8: 2333 daAuts
     D:5: 2089 daAuts
    D:10: 1972 daAuts
     D:6: 1961 daAuts
     D:4: 1551 daAuts
     D:7: 1152 daAuts
     D:2: 1123 daAuts
     D:3: 1096 daAuts
     D:1: 928 daAuts
  Lair:1: 763 daAuts
  Bailey: 604 daAuts
  Temple: 290 daAuts
